 Dungeon Sprint DCSS version 0.32-a0-450-g080537f31e (webtiles) character file.

Game seed: 4291465876837087305

1700000 adelrune the Imperceptible (level 14, -22/83 HPs)
             Began as a Spriggan Warper on Feb 23, 2024.
             Was a Believer of Makhleb.
             Annihilated by a meat berserker
             ... wielding a +9 battleaxe
              (55 damage)
             ... in the Dungeon (Sprint VIII: "Arena of Blood").
             The game lasted 00:00:43 (17 turns).

adelrune the Imperceptible (Spriggan Warper)          Turns: 17, Time: 00:00:44

Health: -22/83     AC:  2    Str:  7    XL:     14   Next: 86%
Magic:  7/37       EV: 36    Int: 14    God:    Makhleb [**....]
Gold:   0          SH:  0    Dex: 20    Spells: 49/49 levels left

rFire   . . .        j - +∞ Axe of Woe
rCold   . . .        (shield currently unavailable)
rNeg    . . .        b - +0 robe
rPois   .            (helmet restricted)
rElec   .            (no cloak)
rCorr   .            (gloves unavailable)
SInv    +            (boots unavailable)
Will    ++...        (no amulet)
Stlth   +++++++++    (no ring)
HPRegen 0.33/turn    (no ring)
MPRegen 0.25/turn

%: no teleportation
@: very quick
A: very small, no large weapons, unfitting armour, see invisible, speed 3
a: Renounce Religion, Minor Destruction


You were in the Dungeon.
You worshipped Makhleb.
Makhleb was pleased with you.
You visited 1 branch

Inventory:

Hand Weapons
 a - a +0 hand axe
 j - the +∞ Axe of Woe (weapon)
   (You found it in the Dungeon)
Missiles
 d - 7 darts of dispersal (quivered)
Armour
 b - a +0 robe (worn)
Scrolls
 c - 2 scrolls of blinking
Potions
 e - a potion of curing
 f - a potion of heal wounds
 g - a potion of haste
 h - 2 potions of magic
 i - a potion of berserk rage


   Skills:
 + Level 13.8 Fighting
 * Level 18.6 Axes
 + Level 16.1 Throwing
 + Level 20.6 Dodging
 + Level 22.9 Stealth
 + Level 18.4 Spellcasting
 + Level 21.6 Translocations


You had 49 spell levels left.
You didn't know any spells.
Your spell library contained the following spells:

 Spells                   Type           Power      Damage    Failure   Level
 Blink                    Tloc           100%       N/A       0%          2
 Lesser Beckoning         Tloc           100%       N/A       0%          2
 Teleport Other           Tloc           65%        N/A       0%          3
 Manifold Assault         Tloc           65%        N/A       0%          4
 Vhi's Electric Charge    Tloc/Air       86%        N/A       1%          4


Dungeon Overview and Level Annotations

Branches:
Dungeon (1/1)

Altars:
Makhleb


Innate Abilities, Weirdness & Mutations

You are very small and have problems with some larger weapons.
You are too small for most types of armour.
You have supernaturally acute eyesight. (SInv)
You cover ground extremely quickly. (Speed+++)


Message History

You kill the bag of meat!
Makhleb accepts your kill.
You can now harness Makhleb's destructive might.
Your Fighting skill increases to level 13!
Your Axes skill increases to level 17!
Your Throwing skill increases to level 15!
Your Dodging skill increases to level 19!
Your Stealth skill increases to level 21!
Your Spellcasting skill increases to level 17!
Your Translocations skill increases to level 20!
You have reached level 14!
You slash the bag of meat! You chop the bag of meat into pieces.
You kill the bag of meat!
Makhleb accepts your kill.
You hit the bag of meat. You chop the bag of meat into pieces.
You kill the bag of meat!
Makhleb accepts your kill.
The meat berserker appears out of thin air!
A meat berserker comes into view. It is wielding a +9 battleaxe.
Your Axes skill increases to level 18!
Your Throwing skill increases to level 16!
Your Dodging skill increases to level 20!
Your Stealth skill increases to level 22!
Your Spellcasting skill increases to level 18!
Your Translocations skill increases to level 21!
The meat berserker shouts!
You start memorising the spell.
You continue memorising. x2
The meat berserker misses you.
You continue memorising.
The meat berserker rages.
The meat berserker barely misses you.
You continue memorising.
The bag of meat shouts! x3; You hear a shout!
The meat berserker hits you with a +9 battleaxe!!!
Your memorisation is interrupted.
Ouch! That really hurt!
A meat berserker comes into view. It is wielding a +9 battleaxe.
The meat berserker hits you with a +9 battleaxe!!!
Ouch! That really hurt!
You die...

#.. ..# #O. ..#
.###.. ..###.
......###O.....
....._.....
#.....# .
#_.<._# .
....#.)O).#...o
......O@)Oo.o..
.....o###o.....
.###.. ..###.
#.. ..# #. o#
.. .. .. ..


You could see 5 meat berserkers and 5 bags of meat.

Vanquished Creatures
  3 ogres (D)
  4 orcs (D)
7 creatures vanquished.

Notes
Turn   | Place    | Note
-------+----------+-------------------------------------------
     0 | D        | Found the +∞ Axe of Woe
     0 | D        | adelrune the Spriggan Warper began the quest for the Orb.
     0 | D        | Reached XP level 1. HP: 10/10 MP: 5/5
     2 | D        | Noticed a meat berserker
     2 | D        | Noticed a bag of meat
     3 | D        | Noticed a meat berserker
     3 | D        | Noticed a meat berserker
     4 | D        | Became a worshipper of Makhleb the Destroyer
     5 | D        | Noticed a bag of meat
     5 | D        | Noticed a bag of meat
     6 | D        | Killed a meat berserker
     6 | D        | Noticed a bag of meat
     7 | D        | Reached skill level 16 in Stealth
     7 | D        | Reached skill level 15 in Translocations
     7 | D        | Reached XP level 2. HP: 23/23 MP: 5/16
     7 | D        | Reached XP level 3. HP: 28/28 MP: 5/18
     7 | D        | Reached XP level 4. HP: 32/32 MP: 5/19
     7 | D        | Reached XP level 5. HP: 36/36 MP: 5/21
     7 | D        | Reached XP level 6. HP: 41/41 MP: 5/22
     7 | D        | Reached XP level 7. HP: 44/44 MP: 5/24
     7 | D        | Reached XP level 8. HP: 49/49 MP: 5/25
     7 | D        | Reached XP level 9. HP: 53/53 MP: 5/26
     7 | D        | Reached XP level 10. HP: 58/58 MP: 5/27
     7 | D        | Reached XP level 11. HP: 62/62 MP: 5/28
     7 | D        | Killed a meat berserker
     7 | D        | Reached * piety under Makhleb
     7 | D        | Killed a meat berserker
     8 | D        | Reached skill level 20 in Stealth
     8 | D        | Reached XP level 12. HP: 71/71 MP: 5/33
     8 | D        | Reached XP level 13. HP: 75/75 MP: 5/34
    10 | D        | Killed a bag of meat
    10 | D        | Killed a bag of meat
    10 | D        | Reached ** piety under Makhleb
    11 | D        | Reached skill level 15 in Throwing
    11 | D        | Reached skill level 21 in Stealth
    11 | D        | Reached XP level 14. HP: 82/82 MP: 5/36
    12 | D        | Killed a bag of meat
    12 | D        | Killed a bag of meat
    13 | D        | Reached skill level 22 in Stealth
    13 | D        | Noticed a meat berserker
    13 | D        | Noticed a bag of meat
    13 | D        | Noticed a bag of meat
    15 | D        | Noticed a bag of meat
    15 | D        | Noticed a meat berserker
    16 | D        | Noticed a meat berserker
    16 | D        | Noticed a meat berserker
    16 | D        | Noticed a bag of meat
    17 | D        | Noticed a bag of meat
    17 | D        | Noticed a bag of meat
    17 | D        | Noticed a meat berserker
    17 | D        | Annihilated by a meat berserker

Illustrated notes

Levels and vault maps discovered:
D:        meatsprint

Skill      XL: |  1  2  3  4  5  6  7  8  9 10 11 12 13 14 |
---------------+-------------------------------------------+-----
Fighting       | 9 12 13 | 13.8
Axes           | 13 16 17 18 | 18.6
Throwing       | 11 14 15 16 | 16.1
Dodging        | 14 18 19 20 | 20.6
Stealth        | 16 20 21 22 | 22.9
Spellcasting   | 12 16 17 18 | 18.4
Translocations | 15 19 20 21 | 21.6

Action                     |  1- 3 |  4- 6 |  7- 9 | 10-12 | 13-15 || total
---------------------------+-------+-------+-------+-------+-------++-------
  Melee: Broad axe         |     1 |       |       |     1 |     2 ||     4
 Armour: Robe              |       |       |       |       |     2 ||     2
  Dodge: Dodged            |       |       |       |       |     2 ||     2

Table legend: (Time is in decaauts)
 A = Elapsed time spent in this place.
 B = Non-inter-level travel time spent in this place.
 C = Inter-level travel time spent in this place.
 D = Time resting spent in this place.
 E = Time spent auto-exploring this place.
 F = Levels seen in this place.
 G = Mean time per level.
                   A        B        C        D        E       F      G
               +--------+--------+--------+--------+--------+-----+--------+
         Total |     14 |     14 |      0 |      0 |      0 |   1 |   14.0 |
       Dungeon |     14 |     14 |      0 |      0 |      0 |   1 |   14.0 |
               +--------+--------+--------+--------+--------+-----+--------+

Top non-repeatable levels by time:
       D: 14 daAuts
